 Dungeon Crawl Stone Soup version 0.24-a0-433-gbe6fa4f6cc (webtiles) character file.

Game seed: 7678610135828741255

191 Gynju the Cudgeler (level 5, 0/45 HPs)
             Began as a Minotaur Fighter on June 14, 2019.
             Slain by a phantom (5 damage)
             ... on level 4 of the Dungeon.
             The game lasted 00:06:15 (2641 turns).

Gynju the Cudgeler (Minotaur Fighter)               Turns: 2641, Time: 00:06:16

Health: 0/45       AC:  8    Str: 22    XL:     5   Next: 42%
Magic:  4/4        EV:  7    Int:  5    God:
Gold:   221        SH:  9    Dex:  9    Spells: 4/4 levels left

rFire    . . .     SeeInvis .   a - +0 flail
rCold    . . .     Gourm    .   c - +0 shield
rNeg     . . .     Faith    .   b - +0 scale mail
rPois    .         Spirit   .   (helmet restricted)
rElec    .         Reflect  .   (no cloak)
rCorr    .         Harm     .   g - +0 pair of gloves (curse)
MR       .....                  (no boots)
Stlth    ..........             (no amulet)
HPRegen  0.15/turn              (no ring)
MPRegen  0.09/turn              (no ring)

@: no status effects
A: retaliatory headbutt, horns 2
a: no special abilities


You were on level 4 of the Dungeon.
You were not hungry.

You visited 1 branch of the dungeon, and saw 4 of its levels.

You collected 221 gold pieces.

Inventory:

Hand Weapons
 a - a +0 flail (weapon)
Armour
 b - a +0 scale mail (worn)
 c - a +0 shield (worn)
 g - a cursed +0 pair of gloves (worn)
Jewellery
 e - an uncursed ring of positive energy {unknown}
Wands
 s - a wand of polymorph (10)
Scrolls
 i - 2 scrolls of enchant weapon {unknown}
 k - a scroll of fear {unknown}
 m - 2 scrolls of identify {unknown}
 o - 3 scrolls of random uselessness {unknown}
 q - a scroll of magic mapping {unknown}
Potions
 d - 3 potions of might
 j - a potion of brilliance {unknown}
 l - a potion of degeneration {unknown}
 n - a potion of curing {unknown}
 p - a potion of resistance {unknown}
 r - a potion of magic {unknown}
Comestibles
 f - 13 rations
 h - 6 chunks of flesh


   Skills:
 - Level 3.6 Fighting
 + Level 6.9 Maces & Flails
 - Level 3.6 Armour
 - Level 3.6 Shields


You had 4 spell levels left.
You didn't know any spells.
Your spell library was empty.

Dungeon Overview and Level Annotations

Branches:
Dungeon (4/15)
 Temple: D:4-7

Altars:


Innate Abilities, Weirdness & Mutations

You reflexively headbutt those who attack you in melee.
You have a pair of horns on your head.


Message History

The phantom blinks!
You closely miss the phantom.
The phantom is moderately damaged.
The phantom barely misses you. You furiously retaliate!
You headbutt the phantom. You thump the phantom!
Your headbutt misses the phantom.
The phantom is severely damaged.
The phantom hits you but does no damage.
You closely miss the phantom. You headbutt the phantom.
The phantom is severely damaged.
The phantom barely misses you. The phantom hits you.
* * * LOW HITPOINT WARNING * * *
You closely miss the phantom.
The phantom is severely damaged.
You block the phantom's attack.
Your shield and scale mail prevent you from hitting the phantom.
Your headbutt misses the phantom.
The phantom is severely damaged.
The phantom hits you.
You die...

......###################..##
...............##.#.........#
..$............+..#..........
...............#..#..........
...............#..#..........
...............#..#.........÷
...............##'#..........
#+########†.........########.
#..@.......# #. #..W.......#
#. +..........# #.
#..........# ###.
.....?...###### #...
.#P......# #... #.......#
#... #.......+ #... #.......#
#...


You could see a phantom.

Vanquished Creatures
  A bullfrog (D:3)
  3 adders
  4 worms
  3 leopard geckos
  2 orcs (D:3)
  9 bats
  5 giant cockroaches
  10 hobgoblins
  9 jackals
  10 kobolds
  3 quokkas
  5 frilled lizards
  9 goblins
  7 rats
80 creatures vanquished.

Notes
Turn   | Place    | Note
-------+----------+-------------------------------------------
     0 | D:1      | Gynju the Minotaur Fighter began the quest for the Orb.
     0 | D:1      | Reached XP level 1. HP: 19/19 MP: 0/0
   109 | D:1      | Reached skill level 3 in Maces & Flails
   191 | D:1      | Reached XP level 2. HP: 26/26 MP: 1/1
   382 | D:1      | Reached skill level 4 in Maces & Flails
   580 | D:1      | Reached XP level 3. HP: 28/31 MP: 2/2
  1136 | D:2      | Reached skill level 5 in Maces & Flails
  1171 | D:2      | Reached XP level 4. HP: 37/39 MP: 3/3
  1783 | D:3      | Noticed a bullfrog
  1799 | D:3      | Killed a bullfrog
  1799 | D:3      | Reached skill level 6 in Maces & Flails
  1799 | D:3      | Reached XP level 5. HP: 27/45 MP: 4/4
  2600 | D:4      | Noticed a phantom
  2641 | D:4      | Slain by a phantom

Levels and vault maps discovered:
D:1:      dpeg_arrival_snail, layout_basic
D:2:      layout_basic, serial_forest, infiniplex_forest_lined_3_way,
          infiniplex_forest_end_3, infiniplex_forest_clump_cross,
          infiniplex_forest_corner_1, infiniplex_forest_straight_3,
          infiniplex_forest_3_way, infiniplex_forest_straight_4, grunt_decor_cap
D:3:      layout_loops_cross
D:4:      layout_gridville, minmay_temple_entry_gardened_gates, first_ration,
          grunt_ministairs_10

Skill      XL: |  1  2  3  4 |
---------------+-------------+-----
Maces & Flails | 3 4 5 6 |  6.9
Fighting       | |  3.6
Armour         | |  3.6
Shields        | |  3.6

Action                   |  1- 3 |  4- 6 || total
-------------------------+-------+-------++-------
Melee: Flail             |   102 |   134 ||   236
       Headbutt          |    13 |     9 ||    22
  Eat: Chunk             |     1 |     5 ||     6
Armor: Scale mail        |    51 |    62 ||   113
Dodge: Dodged            |    32 |    37 ||    69
Block: Shield            |    53 |    79 ||   132

Table legend:
 A = Non-vault XP
 B = Vault XP
 C = Vault XP percentage of total XP
 D = Non-vault monster count
 E = Vault monster count
 F = Vault count percentage of total count
                 A         B        C        D         E       F
            +---------+---------+-------+---------+---------+-------
      Total |     274 |       0 |   0.0 |      80 |       0 |   0.0
            +---------+---------+-------+---------+---------+-------
        D:1 |      54 |       0 |   0.0 |      31 |       0 |   0.0
        D:2 |      69 |       0 |   0.0 |      22 |       0 |   0.0
        D:3 |     127 |       0 |   0.0 |      21 |       0 |   0.0
        D:4 |      24 |       0 |   0.0 |       6 |       0 |   0.0
            +---------+---------+-------+---------+---------+-------
